 Dungeon Crawl Stone Soup version 0.25-a0-591-g2ad0d861f1 (webtiles) character file.

Game seed: 13371969680558322480, levelgen mode: deterministic

415 kae the Gusty (level 6, 0/45 HPs)
             Began as a Draconian Air Elementalist on Mar 13, 2020.
             Was an Initiate of Vehumet.
             Slain by Grinder (1 damage)
             ... while paralysed by Grinder
             ... on level 4 of the Dungeon.
             The game lasted 00:04:05 (4134 turns).

kae the Gusty (Draconian Air Elementalist)          Turns: 4134, Time: 00:04:05

Health: 0/45       AC:  8    Str: 10    XL:     6   Next: 60%
Magic:  11/11      EV:  2    Int: 18    God:    Vehumet [......]
Gold:   242        SH:  0    Dex: 11    Spells: 2/12 levels left

rFire    . . .     SeeInvis .   c - +2 dagger (protect)
rCold    . . .     Gourm    .   (no shield)
rNeg     . . .     Faith    .   (armour unavailable)
rPois    .         Spirit   .   (helmet restricted)
rElec    .         Reflect  .   (no cloak)
rCorr    .         Harm     .   m - +1 pair of gloves
MR       .....                  (no boots)
Stlth    ++........             (no amulet)
HPRegen  0.15/turn              a - +1 ring of evasion
MPRegen  0.12/turn              f - +5 ring of evasion

@: paralysed, mighty, starving
A: unfitting armour, cold-blooded, AC +6
a: Renounce Religion


You were on level 4 of the Dungeon.
You worshipped Vehumet.
Vehumet was noncommittal.
You were starving.

You visited 2 branches of the dungeon, and saw 5 of its levels.

You collected 242 gold pieces.

Inventory:

Hand Weapons
 c - a +2 dagger of protection (weapon)
Armour
 m - a +1 pair of gloves (worn)
Jewellery
 a - a +1 ring of evasion (left hand)
 f - a +5 ring of evasion (right hand)
 g - an uncursed ring of stealth
Potions
 e - 2 potions of curing
 h - 2 potions of flight {unknown}
 i - a potion of brilliance {unknown}
 j - a potion of haste {unknown}
Comestibles
 b - 7 rations


   Skills:
 - Level 1.7 Dodging
 - Level 1.7 Stealth
 + Level 3.6 Spellcasting
 + Level 3.4 Conjurations
 * Level 5.7 Air Magic


You had 2 spell levels left.
You knew the following spells:

 Your Spells              Type           Power        Failure   Level  Hunger
a - Shock                 Conj/Air       ###.         2%          1    None
b - Static Discharge      Conj/Air       ###.....     7%          3    ###....
c - Airstrike             Air            ###.......   14%         4    ####...
d - Swiftness             Chrm/Air       ##......     7%          2    ##.....

Your spell library contained the following spells:

 Spells                   Type           Power        Failure   Level  Hunger
 Lightning Bolt           Conj/Air       ###.......   54%         5    ######.


Dungeon Overview and Level Annotations

Branches:
Dungeon (4/15)             Temple (1/1) D:4

Altars:
Ashenzari
Cheibriados
Elyvilon
Gozag
Hepliaklqana
Kikubaaqudgha
Okawaru
Qazlal
Trog
Vehumet
Yredelemnul
Zin

Annotations:
D:4 exclusions: gnoll, hungry ghost and 2 orc wizards, Grinder


Innate Abilities, Weirdness & Mutations

Your plain brown scales are hard. (AC +6)
You cannot fit into any form of body armour.
You are cold-blooded and may be slowed by cold attacks.


Message History

Grinder is heavily wounded.
Grinder closely misses you. The frilled lizard misses you.
You puncture Grinder!
Your weapon exudes an aura of protection.
Grinder is severely wounded.
Grinder hits you.
* * * LOW HITPOINT WARNING * * *
You writhe in agony.
* * * LOW HITPOINT WARNING * * *
The frilled lizard closely misses you.
It was a potion of curing.
You feel better. Grinder gestures at you.
You suddenly lose the ability to move!
The frilled lizard bites you but does no damage.
Grinder hits you but does no damage.
The frilled lizard bites you but does no damage.
Grinder hits you!
* * * LOW HITPOINT WARNING * * *
You writhe in agony.
You die...

#.##### #...[.#........... ......
#.....##.......... ......
##.#######........ ..... ##.#
###(....... #...#
###..#####.......... ....#
#..........#.....<.. ....####
##.#.#########<...... ?......###
##..#l# #.......
..#..#...###..##@# #...####
..##.##........5.# #####..## #
........#..####### #......# #
...#.#.....###########.####.# #
.###.....................##.### #
# ##..###....#########........# #
###...# ####..>..>......8.8.8.###
.....## #####.........⌠.⌠...##
#....########....######.8.>.8..##


You could see Grinder and a frilled lizard.

Vanquished Creatures
  An ogre (D:4)
  A bullfrog (D:4)
  A bullfrog skeleton (D:4)
  2 orc priests (D:3)
  An orc wizard (D:3)
  A worker ant (D:3)
  4 adders
  A worm (D:2)
  3 dart slugs
  3 leopard geckos (D:1)
  7 orcs (D:3)
  5 giant cockroaches
  7 goblins
  5 hobgoblins
  4 jackals (D:1)
  6 bats
  5 frilled lizards
  A jackal skeleton (D:4)
  6 kobolds
  10 rats
74 creatures vanquished.

Notes
Turn   | Place    | Note
-------+----------+-------------------------------------------
     0 | D:1      | kae the Draconian Air Elementalist began the quest for the
                  | Orb.
     0 | D:1      | Reached XP level 1. HP: 14/14 MP: 3/3
   265 | D:1      | Reached XP level 2. HP: 20/20 MP: 1/5
   960 | D:1      | Reached XP level 3. HP: 26/26 MP: 1/6
  1962 | D:2      | Reached skill level 4 in Air Magic
  1977 | D:2      | Reached XP level 4. HP: 33/33 MP: 2/7
  2322 | D:2      | Learned a level 3 spell: Static Discharge
  2327 | D:2      | Learned a level 4 spell: Airstrike
  2894 | D:3      | Reached XP level 5. HP: 21/38 MP: 1/9
  3004 | D:3      | Found an opulent altar of Gozag.
  3081 | D:3      | Found a faded altar of an unknown god.
  3156 | D:3      | Learned a level 2 spell: Swiftness
  3166 | D:3      | Found a white marble altar of Elyvilon.
  3313 | D:3      | Reached skill level 5 in Air Magic
  3875 | D:4      | Found a staircase to the Ecumenical Temple.
  3882 | Temple   | Entered the Ecumenical Temple
  3891 | Temple   | Became a worshipper of Vehumet
  3949 | D:4      | Noticed a hungry ghost
  4016 | D:4      | Reached XP level 6. HP: 45/45 MP: 1/11
  4083 | D:4      | Noticed Grinder
  4084 | D:4      | Paralysed by Grinder for 6 turns
  4121 | D:4      | Paralysed by Grinder for 3 turns
  4131 | D:4      | HP: 1/45 [Grinder (4)]
  4132 | D:4      | Paralysed by Grinder for 4 turns
  4134 | D:4      | Slain by Grinder

Levels and vault maps discovered:
D:1:      roderic_octagonal_star, layout_basic, minmay_tripent
D:2:      layout_basic
D:3:      layout_basic, nicolae_overflow_hidden_temple, grunt_gozag_breadcrumbs,
          chequers_ecumenical_altar_simple_redux, first_ration
D:4:      layout_rooms, minmay_temple_entry_statues_fountains,
          lightli_ossuary_entry_decrepit_ruins, uniq_grinder
Temple:   eino_temple_lava

Skill      XL: |  1  2  3  4  5 |
---------------+----------------+-----
Conjurations   | 2 3 |  3.4
Air Magic      | 4 5 |  5.7
Spellcasting   | 3 |  3.6
Dodging        | |  1.7
Stealth        | |  1.7

Action                   |  1- 3 |  4- 6 || total
-------------------------+-------+-------++-------
Melee: Unarmed           |    13 |       ||    13
       Dagger            |    82 |    74 ||   156
       Tailslap          |     6 |     5 ||    11
 Cast: Shock             |    57 |    93 ||   150
       Airstrike         |       |     1 ||     1
  Use: Scroll            |     1 |     7 ||     8
       Potion            |       |     3 ||     3
 Stab: Sleeping          |     3 |       ||     3
  Eat: Chunk             |     4 |     5 ||     9
Armor: Skin              |    43 |    42 ||    85
Dodge: Dodged            |    68 |    92 ||   160

Table legend:
 A = Non-vault XP
 B = Vault XP
 C = Vault XP percentage of total XP
 D = Non-vault monster count
 E = Vault monster count
 F = Vault count percentage of total count
                 A         B        C        D         E       F
            +---------+---------+-------+---------+---------+-------
      Total |     591 |       2 |   0.3 |      72 |       2 |   2.7
            +---------+---------+-------+---------+---------+-------
        D:1 |      47 |       2 |   4.1 |      23 |       2 |   8.0
        D:2 |      55 |       0 |   0.0 |      18 |       0 |   0.0
        D:3 |     211 |       0 |   0.0 |      26 |       0 |   0.0
        D:4 |     278 |       0 |   0.0 |       5 |       0 |   0.0
            +---------+---------+-------+---------+---------+-------
